 Dungeon Crawl Stone Soup version 0.23-a0-436-g57debff (webtiles) character file.

167862 Jawreze the Unseen (level 17, -1/142 HPs)
             Began as a Vampire Enchanter on Nov 15, 2018.
             Was the Champion of Dithmenos.
             Slain by an alligator (18 damage)
             ... on level 1 of the Swamp on Nov 16, 2018.
             The game lasted 02:40:12 (45337 turns).

Jawreze the Unseen (Vampire Enchanter)             Turns: 45337, Time: 02:40:13

Health: -1/142     AC: 21    Str: 10    XL:     17   Next: 32%
Magic:  0/29       EV: 23    Int: 24    God:    Dithmenos [******]
Gold:   1315       SH:  0    Dex: 15    Spells: 8/32 levels left

rFire    + . .     SeeInvis +   Z - +3 dagger (elec)
rCold    + . .     Gourm    .   (no shield)
rNeg     + + .     Faith    .   e - +1 robe {MR+}
rPois    +         Spirit   +   h - +2 hat
rElec    .         Reflect  .   X - +1 cloak {rPois}
rCorr    .         Harm     .   U - +2 pair of gloves {Str+3}
MR       ++...                  y - +2 pair of boots
Stlth    ++++++++++             a - amulet of guardian spirit
HPRegen  0.16/turn              n - +3 ring of evasion
MPRegen  0.21/turn              V - +6 ring of protection

@: very slightly contaminated, regenerating slowly, wreathed by umbra
A: fangs 3, hooves 1, thin metallic scales 1, see invisible, fire resistance 1,
unbreathing
a: Bat Form, Shadow Step, Shadow Form, Renounce Religion


You were on level 1 of the Swamp.
You worshipped Dithmenos.
Dithmenos was exalted by your worship.
You were near bloodless.

You visited 5 branches of the dungeon, and saw 29 of its levels.
You also visited: Bailey.

You collected 3331 gold pieces.
You spent 2016 gold pieces at shops.

Inventory:

Hand Weapons
 f - the +9 dagger of the Beds {protect, Str+4}
   (You found it on level 15 of the Dungeon)

   It protects the one who uses it against injury (+AC on strike).
   It affects your strength (+4).
 G - a +2 dagger of venom
 I - the +0 quick blade "Killer Klown's Doom" {pierce, Str+5}
   (You acquired it on level 13 of the Dungeon)

   It inflicts extra damage upon your enemies.
   It affects your strength (+5).
 Z - a +3 dagger of electrocution (weapon)
Missiles
 H - 6 curare-tipped needles
Armour
 e - a +1 robe of magic resistance (worn)
 h - a +2 hat (worn)
 y - a +2 pair of boots (worn)
 U - a +2 pair of gloves of strength (worn)
 W - the +2 pair of gloves of the Iron Devil {MR- Str+7}
   (You found it in a bailey)

   It affects your strength (+7).
   It affects your resistance to hostile enchantments.
 X - a +1 cloak of poison resistance (worn)
Jewellery
 a - an amulet of guardian spirit (around neck)
 d - an uncursed ring of poison resistance
 n - a +3 ring of evasion (left hand)
 V - a +6 ring of protection (right hand)
Wands
 o - a wand of clouds (4)
 r - a wand of polymorph (7)
 z - a wand of scattershot (7)
 B - a wand of paralysis (18)
 E - a wand of disintegration (23)
 L - a wand of digging (10)
 P - a wand of acid (8)
 Q - a wand of random effects (13)
 S - a wand of enslavement (19)
 T - a wand of iceblast (16)
Scrolls
 c - 4 scrolls of immolation
 g - 14 scrolls of identify
 i - 6 scrolls of amnesia
 m - 5 scrolls of teleportation
 p - a scroll of fear
 u - 8 scrolls of remove curse
 A - a scroll of blinking
 C - 2 scrolls of fog
 D - 2 scrolls of magic mapping
 J - 2 scrolls of acquirement
 M - a scroll of vulnerability {unknown}
 N - 3 scrolls of noise
 Y - a scroll of brand weapon {unknown}
Potions
 b - a potion of invisibility
 j - 4 potions of agility
 k - 4 potions of brilliance
 l - 2 potions of cancellation
 q - 8 potions of blood
 s - 4 potions of lignification
 t - 2 potions of curing
 v - 3 potions of flight
 w - 4 potions of berserk rage
 x - 3 potions of resistance
 F - a potion of haste
 K - 2 potions of mutation
 O - 3 potions of magic
 R - 7 potions of might


   Skills:
 + Level 15.1 Fighting
 - Level 10.0 Short Blades
 - Level 4.0 Armour
 + Level 10.9 Dodging
 - Level 18.4 Stealth
 - Level 8.0 Spellcasting
 - Level 16.0 Hexes
 * Level 8.7 Summonings
 - Level 8.0 Ice Magic
 + Level 7.6 Invocations


You had 8 spell levels left.
You knew the following spells:

 Your Spells              Type           Power        Failure   Level  Hunger
a - Silence               Hex/Air        #####.....   7%          5    #####..
b - Ensorcelled Hibernat  Hex/Ice        ######       1%          2    None
c - Confuse               Hex            ######..     1%          3    None
d - Tukima's Dance        Hex            ######..     1%          3    None
e - Invisibility          Hex            ######..     1%          6    ######.
f - Summon Mana Viper     Hex/Summ       ######..     1%          5    #####..

Your spell library contained the following spells:

 Spells                   Type           Power        Failure   Level  Hunger
 Corona                   Hex            ######.      0%          1    None
 Summon Butterflies       Summ           ######..     1%          1    None
 Summon Small Mammal      Summ           ####         1%          1    None
 Call Imp                 Summ           ######..     1%          2    None
 Call Canine Familiar     Summ           ######..     1%          3    None
 Dazzling Spray           Conj/Hex       #####.       1%          3    None
 Spectral Weapon          Hex/Chrm       #####...     1%          3    None
 Summon Guardian Golem    Hex/Summ       ######..     1%          3    None
 Summon Ice Beast         Ice/Summ       #####...     1%          4    ##.....
 Darkness                 Hex            ######....   1%          6    ######.
 Animate Skeleton         Necr           N/A          6%          1    None
 Apportation              Tloc           #.....       6%          1    None
 Infusion                 Chrm           #...         6%          1    None
 Pain                     Necr           #...         6%          1    None
 Sting                    Conj/Pois      #...         6%          1    None
 Poisonous Vapours        Pois/Air       #.....       10%         2    None
 Shroud of Golubria       Chrm/Tloc      #.........   10%         2    None
 Song of Slaying          Chrm           #.......     10%         2    None
 Summon Lightning Spire   Summ/Air       ####....     11%         4    ##.....
 Conjure Flame            Conj/Fire      #.......     19%         3    None
 Lesser Beckoning         Tloc           #.........   19%         3    None
 Mephitic Cloud           Conj/Pois/Air  #.......     19%         3    None
 Regeneration             Chrm/Necr      #.........   19%         3    None
 Vampiric Draining        Necr           #.........   19%         3    None
 Shadow Creatures         Summ           N/A          26%         6    ######.
 Animate Dead             Necr           N/A          54%         4    ##.....
 Olgreb's Toxic Radiance  Pois           #.......     54%         4    ##.....
 Summon Hydra             Summ           ######....   83%         7    #######
 Alistair's Intoxication  Tmut/Pois      #.......     87%         5    #####..
 Borgnjor's Vile Clutch   Necr/Erth      #.........   87%         5    #####..
 Venom Bolt               Conj/Pois      #.........   87%         5    #####..
 Freezing Cloud           Conj/Ice/Air   ###.......   98%         6    ######.
 Conjure Ball Lightning   Conj/Air       #.........   100%        6    ######.
 Deflect Missiles         Chrm/Air       #.........   100%        6    ######.
 Ring of Flames           Chrm/Fire      #.........   100%        7    #######
 Tornado                  Air            #.........   100%        9    #######


Dungeon Overview and Level Annotations

Branches:
Dungeon (15/15)            Temple (0/1) D:7            Lair (6/6) D:10
  Swamp (2/4) Lair:4       Spider (4/4) Lair:3        Slime (0/5) Lair:6
    Orc (2/2) D:10            Elf (0/3) Orc:2        Vaults (0/5) D:14
 Depths (0/5) D:15

Altars:
Ashenzari
Dithmenos
Elyvilon
Fedhas
Gozag
Hepliaklqana
Makhleb
Okawaru
Ru
Wu Jian
Yredelemnul

Shops:
D:6 [   Orc:2 %[!:

Annotations:
D:2 exclusion: downstairs
D:4 2 transporters, Tenar's ghost, novice DEIE
Lair:1 3 runed doors, exclusion: oklob plant, Garbasso's ghost, journeyman GrCj
Swamp:1 3 runed doors, Zuamen's ghost, journeyman DDFi


Innate Abilities, Weirdness & Mutations

You heal slowly.
You have razor-sharp teeth.
You have supernaturally acute eyesight. (SInv)
You can survive without breathing.
You have large cloven feet.
You are partially covered in thin metallic scales. (AC +2)
Your flesh is heat resistant. (rF+)


Message History

Aiming: Confuse (safe; 1% risk of failure)
Press: ? - help, Shift-Dir - straight line, f - alligator
Aim: an alligator (covering ground quickly, umbra, chance to defeat MR: 66%)
The alligator struggles to resist.
The alligator bites you!!
* * * LOW HITPOINT WARNING * * *
The alligator completely misses you.
Casting: Confuse (safe; 1% risk of failure)
Confirm with . or Enter, or press ? or * to list all spells.
Aiming: Ensorcelled Hibernation (safe; 1% risk of failure)
Press: ? - help, Shift-Dir - straight line, f/p - alligator
Aim: an alligator (covering ground quickly, umbra, chance to defeat MR: 55%)
The alligator resists with some effort.
Your shadow mimicks your spell!
The alligator easily resists.
The alligator bites you!
* * * LOW HITPOINT WARNING * * *
The alligator tail-slaps you but does no damage.
You feel better. The alligator misses you. x2
The alligator closely misses you. The alligator completely misses you.
You feel better. The alligator bites you!!
You die...

≈.♣.♣♣ ♣♣.≈.≈.....≈.....
§....♣♣ ♣.♣.≈≈≈§..≈≈≈≈≈≈
≈≈....♣♣ ♣.≈≈≈.≈≈....≈≈≈≈
≈≈...§.♣ ♣.≈≈..≈≈≈≈≈≈≈...
≈...§≈≈♣ ♣.≈≈..≈.≈≈≈≈≈♣≈≈
..≈i.≈≈♣♣ ♣....≈§≈≈≈≈.≈.≈.
♣♣≈≈≈t≈.♣♣ ♣♣.≈≈≈≈≈.≈....≈.
♣♣≈≈≈%..♣♣ ♣♣♣♣♣.....≈...≈≈.≈.
♣♣...≈..♣
♣♣♣t@≈≈≈≈≈≈≈♣≈≈.≈≈≈≈≈
♣♣♣.≈≈.♣♣♣≈§.≈≈≈.≈.≈≈≈≈≈§.≈.≈≈
♣♣≈.....≈≈≈♣≈≈.♣.≈.....♣♣♣≈. ♣
♣...≈≈≈≈≈≈≈≈≈.≈≈≈≈≈.♣♣♣ ♣≈÷ ♣♣
♣♣.≈≈≈≈.≈.≈...≈.♣≈.♣♣ ♣♣. .♣
♣......≈♣♣♣♣.....≈♣♣ ♣.. ♣♣
♣♣..≈.♣♣♣ ♣♣♣...♣♣ ♣♣. ♣♣
♣♣.≈.♣ ♣♣≈.♣ ♣♣ .♣ ♣♣..♣♣ ♣≈.♣
♣♣


You could see an alligator.

Vanquished Creatures
  Arachne (Spider:2)
  A sphinx (D:10)
  4 emperor scorpions
  A ghost moth (Spider:4)
  The ghost of galech the Cleaver, a journeyman DsFi of Okawaru (D:15)
  Azrael (D:15)
  An entropy weaver (Spider:2)
  A spark wasp (Spider:4)
  Snorg (D:11)
  2 ettins (Orc:2)
  2 yaktaur captains
  11 hydras
  A shambling mangrove (Swamp:2)
  A catoblepas (Lair:6)
  A merfolk avatar (Lair:6)
  A ghost crab (Swamp:1)
  6 alligators (Swamp:1)
  6 centaur warriors
  4 ogre magi
  9 two-headed ogres
  2 tengu warriors (D:13)
  13 death yaks
  Sonja (D:10)
  2 unseen horrors
  A swamp dragon (Swamp:1)
  2 harpies (Lair:6)
  4 orc knights
  22 wolf spiders
  An orc sorcerer (Orc:2)
  15 orb spiders
  9 ugly things
  6 manticores
  2 cyclopes
  2 moths of wrath
  A black mamba (shapeshifter) (D:14)
  6 black mambas
  9 elephants
  Joseph (Lair:1)
  2 gargoyles
  9 rime drakes
  13 spiny frogs
  A torpor snail (Spider:2)
  2 kobold demonologists (D:13)
  11 komodo dragons
  14 demonic crawlers
  A yaktaur (D:15)
  3 meliai (D:14)
  5 polar bears
  8 trolls
  25 jumping spiders
  A wind drake (shapeshifter) (D:14)
  7 hornets
  A wolf spider simulacrum (D:15)
  7 tyrant leeches
  A wind drake (Lair:6)
  11 hippogriffs
  5 slime creatures
  13 blink frogs
  Prince Ribbit (D:7)
  3 bog bodies
  4 dream sheep (Lair:6)
  A meliai zombie (D:13)
  61 redbacks
  3 wraiths
  10 wyverns
  5 shadows
  32 tarantellas
  13 basilisks
  36 yaks
  6 fire elementals (D:15)
  3 hungry ghosts
  13 vampire mosquitoes
  A steam dragon (D:10)
  3 wargs
  A soldier ant (shapeshifter) (D:14)
  A soldier ant (D:10)
  3 swamp worms
  An acid dragon (D:15)
  16 water moccasins
  4 hell hounds
  6 porcupines
  5 swamp drakes (Swamp:1)
  18 orc warriors
  An eye of draining (D:12)
  A phantom (D:8)
  3 ice beasts
  A sky beast (D:10)
  3 black bears
  A boggart (D:13)
  15 ogres
  A boggart (shapeshifter) (D:14)
  30 wolves
  23 centaurs
  21 crocodiles
  Blork the orc (D:6)
  A big kobold (D:13)
  16 bullfrogs
  8 scorpions
  30 killer bees
  14 wights
  7 howler monkeys
  3 electric eels
  2 bullfrog zombies
  6 crimson imps
  5 jellies
  2 centaur zombies
  7 hounds
  4 bullfrog skeletons
  26 orc priests
  15 orc wizards
  2 centaur skeletons
  Ijyb (D:3)
  An iguana (D:4)
  10 worker ants
  7 hell rats
  A killer bee zombie (D:9)
  A hound skeleton (D:8)
  A worker ant zombie (D:7)
  4 river rats (Lair:6)
  12 adders
  2 gnolls (Bailey)
  4 shadow imps
  An ooze (D:6)
  2 adder zombies
  4 adder skeletons
  9 worms
  3 dart slugs (D:1)
  9 leopard geckos
  113 orcs
  A ball python (D:7)
  10 bats
  4 giant cockroaches
  18 hobgoblins
  11 jackals
  15 kobolds
  8 quokkas
  10 frilled lizards
  11 goblins
  A jackal skeleton (D:7)
  A jackal zombie (D:6)
  A quokka skeleton (D:8)
  13 rats
  A fungus (Lair:6)
  A plant (Lair:4)
1085 creatures vanquished.

Vanquished Creatures (collateral kills)
  An ogre mage (Orc:2)
  7 two-headed ogres (Orc:2)
  11 ogres (Orc:2)
19 creatures vanquished.

Vanquished Creatures (others)
  A centaur warrior (D:14)
  A dancing weapon (Orc:2)
  An orb spider (Spider:4)
  A hornet (Spider:4)
  A redback (Spider:4)
  An orc priest (Orc:2)
  An orc wizard (Orc:1)
  An orc (Orc:2)
  A kobold (Bailey)
  12 fungi
  11 plants
32 creatures vanquished.

Grand Total: 1136 creatures vanquished

Notes
Turn   | Place    | Note
-------+----------+-------------------------------------------
     0 | D:1      | Jawreze the Vampire Enchanter began the quest for the Orb.
     0 | D:1      | Reached XP level 1. HP: 13/13 MP: 3/3
   349 | D:1      | Reached XP level 2. HP: 14/19 MP: 5/5
  1401 | D:2      | Reached XP level 3. HP: 24/24 MP: 6/6
  2357 | D:2      | Learned a level 2 spell: Ensorcelled Hibernation
  2361 | D:2      | Learned a level 3 spell: Confuse
  2372 | D:2      | Found a burning altar of Makhleb.
  2484 | D:2      | Reached skill level 5 in Stealth
  2513 | D:2      | Reached skill level 5 in Hexes
  3404 | D:2      | Reached XP level 4. HP: 30/30 MP: 7/7
  3935 | D:3      | Reached skill level 1 in Ice Magic
  3941 | D:3      | Noticed Ijyb
  3986 | D:3      | Killed Ijyb
  3986 | D:3      | Reached XP level 5. HP: 30/35 MP: 5/8
  4992 | D:3      | Reached skill level 6 in Stealth
  6145 | D:4      | Reached XP level 6. HP: 41/41 MP: 9/9
  6326 | D:4      | Found a transporter.
  6326 | D:4      | Noticed Tenar's ghost (novice DEIE)
  6414 | D:4      | Reached skill level 5 in Short Blades
  6432 | D:4      | Found a transporter.
  6596 | D:4      | Found a blossoming altar of Fedhas.
  6625 | D:5      | Entered Level 5 of the Dungeon
  6899 | D:5      | Found a sacrificial altar of Ru.
  6990 | D:5      | Noticed an ice beast
  6997 | D:5      | Killed an ice beast
  6997 | D:5      | Reached skill level 7 in Stealth
  6997 | D:5      | Reached XP level 7. HP: 46/46 MP: 10/10
  7449 | D:5      | Found a sacrificial altar of Ru.
  7714 | D:6      | Found a hazy altar of Hepliaklqana.
  7716 | D:6      | Found a white marble altar of Elyvilon.
  7716 | D:6      | Found a shadowy altar of Dithmenos.
  7717 | D:6      | Found an iron altar of Okawaru.
  7717 | D:6      | Found an ornate altar of the Wu Jian Council.
  7718 | D:6      | Found a basalt altar of Yredelemnul.
  7723 | D:6      | Became a worshipper of Dithmenos the Shadowed
  7797 | D:6      | Noticed Blork the orc
  7804 | D:6      | Killed Blork the orc
  8008 | D:6      | Found Minteor's Armour Shoppe.
  8143 | D:6      | Reached skill level 8 in Stealth
  8502 | D:7      | Found a staircase to the Ecumenical Temple.
  8752 | D:7      | Noticed Prince Ribbit
  8940 | D:7      | Reached XP level 8. HP: 46/52 MP: 6/11
  9520 | D:6      | Reached skill level 9 in Stealth
 10166 | D:7      | Killed Prince Ribbit
 10374 | D:7      | Found an opulent altar of Gozag.
 10453 | D:7      | Reached skill level 10 in Stealth
 10453 | D:7      | Reached XP level 9. HP: 56/57 MP: 7/12
 10514 | D:7      | Reached * piety under Dithmenos
 10616 | D:7      | Found a shattered altar of Ashenzari.
 11511 | D:8      | Reached skill level 1 in Fighting
 11511 | D:8      | Reached skill level 10 in Hexes
 12128 | D:8      | Reached skill level 11 in Stealth
 12238 | D:8      | Reached skill level 10 in Short Blades
 12469 | D:8      | Paralysed by a hornet for 2 turns
 13069 | D:9      | Reached XP level 10. HP: 71/71 MP: 13/13
 13106 | D:9      | Reached ** piety under Dithmenos
 13504 | D:10     | Entered Level 10 of the Dungeon
 13993 | D:10     | Reached skill level 5 in Fighting
 13993 | D:10     | Reached skill level 12 in Stealth
 14029 | D:10     | Noticed Sonja
 14036 | D:10     | Killed Sonja
 14184 | D:10     | Found a staircase to the Orcish Mines.
 14858 | D:10     | Noticed an ogre mage
 14997 | D:10     | Noticed a manticore
 15165 | D:10     | Found a staircase to the Lair.
 15202 | D:10     | Killed a manticore
 15202 | D:10     | Reached skill level 13 in Stealth
 15455 | Lair:1   | Entered Level 1 of the Lair of Beasts
 15528 | Lair:1   | Reached *** piety under Dithmenos
 15563 | Lair:1   | Found a runed gate.
 15563 | Lair:1   | Found a runed gate.
 15563 | Lair:1   | Found a runed gate.
 15575 | Lair:1   | Noticed an oklob plant
 15627 | Lair:1   | Reached XP level 11. HP: 84/84 MP: 11/14
 15968 | Lair:1   | Noticed Joseph
 15972 | Lair:1   | Killed Joseph
 16335 | Lair:1   | Reached skill level 14 in Stealth
 16784 | Lair:1   | Found the +7 sceptre of Torment {pain, torment}
 17855 | Lair:3   | Reached **** piety under Dithmenos
 18020 | Lair:3   | Learned a level 3 spell: Tukima's Dance
 18704 | Lair:3   | Reached XP level 12. HP: 97/97 MP: 9/15
 18752 | Lair:3   | Found a hole to the Spider Nest.
 19186 | Lair:4   | Found a staircase to the Swamp.
 19191 | Lair:4   | Reached skill level 15 in Stealth
 19195 | Lair:4   | Reached skill level 10 in Fighting
 19349 | Lair:4   | Noticed a four-headed hydra
 19356 | Lair:4   | Killed a four-headed hydra
 19589 | Lair:4   | Noticed a six-headed hydra
 19596 | Lair:4   | Killed a six-headed hydra
 19954 | Lair:4   | Noticed an eight-headed hydra
 20487 | Lair:4   | Killed an eight-headed hydra
 20833 | Lair:4   | Found a staircase to the Swamp.
 21378 | Lair:5   | Noticed a death yak
 21380 | Lair:5   | Noticed a death yak
 21381 | Lair:5   | Noticed a death yak
 21384 | Lair:5   | Noticed a death yak
 21385 | Lair:5   | Killed a death yak
 21388 | Lair:5   | Killed a death yak
 21390 | Lair:5   | Killed a death yak
 21394 | Lair:5   | Killed a death yak
 21680 | Lair:5   | Noticed a seven-headed hydra
 21681 | Lair:5   | Noticed a death yak
 21682 | Lair:5   | Noticed a death yak
 21863 | Lair:5   | Reached XP level 13. HP: 106/106 MP: 16/20
 22625 | Lair:4   | Reached skill level 16 in Stealth
 22824 | Lair:4   | Reached skill level 15 in Hexes
 23066 | Lair:5   | Reached ***** piety under Dithmenos
 23066 | Lair:5   | Reached skill level 5 in Spellcasting
 23511 | Lair:5   | Reached skill level 5 in Ice Magic
 23671 | Lair:6   | Entered Level 6 of the Lair of Beasts
 24075 | Lair:6   | Found a staircase to the Slime Pits.
 25197 | Lair:6   | Reached skill level 5 in Dodging
 25227 | Lair:6   | Reached XP level 14. HP: 115/115 MP: 23/23
 25729 | Lair:6   | Reached skill level 17 in Stealth
 25839 | Lair:6   | Reached ****** piety under Dithmenos
 26598 | Lair:1   | Noticed Garbasso's ghost (journeyman GrCj)
 26825 | D:10     | Found a large runed door.
 26826 | D:10     | Found a large runed door.
 26981 | D:10     | Found a shattered altar of Ashenzari.
 26991 | D:10     | Found a shadowy altar of Dithmenos.
 26991 | D:10     | Noticed a sphinx
 26995 | D:10     | Killed a sphinx
 27244 | D:11     | Noticed Snorg
 27249 | D:11     | Killed Snorg
 27630 | D:12     | Reached skill level 1 in Invocations
 29101 | D:13     | Identified 3 scrolls of acquirement
 29102 | D:13     | Got a crystal quick blade
 29103 | D:13     | Identified the +0 quick blade "Killer Klown's Doom"
                  | {pierce, Str+5} (You acquired it on level 13 of the
                  | Dungeon)
 29832 | D:13     | Learned a level 6 spell: Invisibility
 30353 | D:14     | Found a flagged portal.
 30363 | Bailey   | Entered a bailey
 30445 | Bailey   | Gained mutation: You have large cloven feet. [mutagenic
                  | glow]
 30448 | Bailey   | Reached XP level 15. HP: 124/124 MP: 15/25
 30468 | Bailey   | Got a pair of fine gloves
 30538 | Bailey   | Gained mutation: You are partially covered in thin metallic
                  | scales. (AC +2) [mutagenic glow]
 30681 | D:14     | Gained mutation: You are weak. (Str -2) [mutagenic glow]
 30784 | D:14     | Identified the +2 pair of gloves of the Iron Devil {MR-
                  | Str+7} (You found it in a bailey)
 30848 | D:14     | Reached skill level 18 in Stealth
 31822 | D:14     | Found a gate to the Vaults.
 31892 | D:14     | Gained mutation: You are clumsy. (Dex -2) [mutagenic glow]
 32213 | Orc:1    | Entered Level 1 of the Orcish Mines
 32770 | Orc:1    | Gained mutation: You are dopey. (Int -2) [mutagenic glow]
 32830 | Orc:2    | Entered Level 2 of the Orcish Mines
 32849 | Orc:2    | Gained mutation: You tend to lose your temper in combat. [a
                  | neqoxec]
 33415 | Orc:2    | Found a staircase to the Elven Halls.
 34491 | Orc:2    | Found Kirask's Antique Armour Shop.
 34491 | Orc:2    | Found Wuuxt's Book Shoppe.
 34492 | Orc:2    | Found Muil's Food Emporium.
 34492 | Orc:2    | Found Koaxu Kett's Distillery.
 34553 | Orc:2    | Reached skill level 5 in Invocations
 34699 | Orc:2    | Bought a pair of runed gloves for 180 gold pieces
 34701 | Orc:2    | Bought a potion of resistance for 120 gold pieces
 34701 | Orc:2    | Bought a potion of might for 48 gold pieces
 34701 | Orc:2    | Bought a potion of agility for 48 gold pieces
 34701 | Orc:2    | Bought a potion of heal wounds for 60 gold pieces
 34702 | Orc:2    | Bought a book of Dreams for 900 gold pieces
 34702 | Orc:2    | Bought a book of Beasts for 660 gold pieces
 34708 | Orc:2    | Learned a level 5 spell: Silence
 34714 | Orc:2    | Learned a level 5 spell: Summon Mana Viper
 34714 | Orc:2    | Lost mutation: You are clumsy. (Dex -2) [potion of
                  | mutation]
 34714 | Orc:2    | Lost mutation: You are weak. (Str -2) [potion of mutation]
 34714 | Orc:2    | Lost mutation: You are dopey. (Int -2) [potion of mutation]
 34714 | Orc:2    | Lost mutation: You tend to lose your temper in combat.
                  | [potion of mutation]
 34714 | Orc:2    | Gained mutation: Your flesh is heat resistant. (rF+)
                  | [potion of mutation]
 35113 | Spider:1 | Entered Level 1 of the Spider Nest
 35199 | Spider:1 | Reached skill level 1 in Summonings
 35774 | Spider:1 | Reached skill level 1 in Armour
 35788 | Spider:1 | Reached XP level 16. HP: 134/134 MP: 28/28
 37591 | Spider:2 | Noticed Arachne
 38272 | Spider:2 | Killed Arachne
 38959 | Spider:3 | Reached skill level 5 in Summonings
 40094 | Spider:4 | Entered Level 4 of the Spider Nest
 40230 | Spider:4 | Reached skill level 10 in Dodging
 40942 | D:15     | Entered Level 15 of the Dungeon
 41166 | D:15     | Noticed Azrael
 41179 | D:15     | Killed Azrael
 41769 | D:15     | Found a staircase to the Depths.
 41837 | D:15     | Found a runed door.
 41840 | D:15     | Noticed galech's ghost (journeyman DsFi)
 41856 | D:15     | Killed galech's ghost
 41866 | D:15     | Got a translucent dagger
 41867 | D:15     | Identified the +9 dagger of the Beds {protect, Str+4} (You
                  | found it on level 15 of the Dungeon)
 41869 | D:15     | Upgraded the game from 0.23-a0-435-g79ed067 to
                  | 0.23-a0-436-g57debff
 42638 | Spider:4 | Reached XP level 17. HP: 140/140 MP: 17/29
 42667 | Spider:4 | Reached skill level 15 in Fighting
 44205 | Swamp:1  | Entered Level 1 of the Swamp
 45023 | Swamp:1  | Found a runed gate.
 45025 | Swamp:1  | Found a runed gate.
 45025 | Swamp:1  | Found a runed gate.
 45025 | Swamp:1  | Noticed Zuamen's ghost (journeyman DDFi)
 45335 | Swamp:1  | HP: 1/142 [alligator (12)]
 45337 | Swamp:1  | Slain by an alligator

Vault maps used:
D:1:      minmay_arrival_doors, roderic_roman_lattice
D:2:      cheibrodos_greedy_goblins, bloody_makhleb, first_ration
D:3:      serial_park_tiny_1, minmay_misc_feat_five, minmay_unequal, uniq_ijyb
D:4:      lemuel_crystal_altar, gammafunk_ghost_mausoleum
D:5:      hangedman_ru_absence, kennysheep_diamond, serial_bayou_ford_a
D:6:      grunt_temple_overflow_open, serial_shops, shop, supply_closet_lemuel,
          st_stairs_13, uniq_blork_the_orc
D:7:      nicolae_gozag_cash_rules_everything_around_me,
          ashenzari_conservatory_becter, minmay_temple_entry_mist,
          kennysheep_generic_room_13, uniq_prince_ribbit1
D:10:     erik_lair_dragon, hiddenorc2_lemuel, serial_co_window_serial,
          co_window_paths_b, co_window_corner_a, co_window_paths_a,
          co_window_corner_a, co_window_paths_a, co_window_of_opportunity_b,
          co_window_cross_3, co_window_unsneaky_path_d, co_window_broadway_b,
          glass_columns_c, glass_columns_b, glass_columns_a, glass_columns_b,
          hangedman_pestilent_swarm, jmf_multi_god_temple2, uniq_sonja
D:11:     uniq_snorg
D:13:     hangedman_abyss_or_decor_passed, kb_rosetta
D:14:     david_vaults_2, enter_bailey_1, special_room, minmay_misc_feat_iff,
          kennysheep_generic_room_12
D:15:     grunt_enter_depths_snipers, ebering_ghost_reflecting_pool,
          dk_noncrumbling_2, serial_glass, glass_columns_a, glass_columns_b,
          glass_columns_b, glass_columns_b, uniq_azrael
Lair:1:   gammafunk_ghost_icy, beast_lair_carwin_7, minmay_lair_oklob_chamber,
          infiniplex_staircase_pool, grunt_megastairs_5, uniq_joseph
Lair:2:   serial_forest, infiniplex_forest_clump_small,
          infiniplex_forest_lined_room_2, infiniplex_forest_lined_corner,
          infiniplex_forest_zigzag_1, infiniplex_forest_straight_4,
          infiniplex_forest_lined_corner, infiniplex_staircase_pool_2
Lair:3:   nicolae_spider_entry_non_spiders, lab_entry_generic,
          serial_bayou_pond_d, grunt_megastairs_1
Lair:4:   nicolae_swamp_entry_splash_gauntlet, serial_bayou_shore_b,
          lemuel_fruit_fields
Lair:5:   chequers_serial_rivers_small_a, minivault_19, nzn_random_ring,
          grunt_megastairs_4
Lair:6:   gammafunk_lair_ancient_temple, minmay_slime_entry_pillars,
          minmay_stone_trees_large, kennysheep_abandoned_house
Swamp:1:  gammafunk_ghost_hydra_chop, evilmike_swamp_ruin_house_4
Swamp:2:  evilmike_swamp_ruin_house_1, swamp_pool5, uniq_roxanne
Spider:1: nicolae_spider_mines_1
Spider:2: uniq_arachne
Spider:3: nicolae_spider_cling_ruins
Spider:4: grunt_spider_rune_island
Orc:1:    nicolae_orc_accident_3
Orc:2:    st_orc_ogre_mass
Bailey:   bailey_axe_1, bailey

Skill      XL: |  1  2  3  4  5  6  7  8  9 10 11 12 13 14 15 16 17 |
---------------+----------------------------------------------------+-----
Short Blades   | 2 3 4 5 7 9 10 | 10.0
Stealth        | 5 6 7 8 10 11 13 14 15 16 17 18 | 18.4
Hexes          | 5 6 7 9 10 12 13 14 15 16 | 16.0
Ice Magic      | 1 4 6 7 8 |  8.0
Fighting       | 4 7 9 11 12 13 14 15 | 15.1
Spellcasting   | 4 6 7 8 |  8.0
Dodging        | 5 6 9 10 | 10.9
Invocations    | 2 5 7 |  7.6
Summonings     | 2 7 8 |  8.7
Armour         | 1 4 |  4.0

Action                   |  1- 3 |  4- 6 |  7- 9 | 10-12 | 13-15 | 16-18 || total
-------------------------+-------+-------+-------+-------+-------+-------++-------
Melee: Dagger            |   181 |   140 |   314 |   578 |  1522 |   619 ||  3354
       Unarmed           |     9 |       |       |       |     1 |       ||    10
       Bite              |     8 |     6 |    20 |    44 |   149 |    51 ||   278
       Quick blade       |       |       |       |       |    36 |       ||    36
 Cast: Corona            |     8 |       |       |       |     4 |       ||    12
       Ensorcelled Hiber |     7 |    26 |    55 |   142 |   240 |    89 ||   559
       Confuse           |       |     4 |    18 |    15 |   117 |    47 ||   201
       Invisibility      |       |       |       |       |    26 |    15 ||    41
       Tukima's Dance    |       |       |       |       |    25 |       ||    25
       Silence           |       |       |       |       |       |     1 ||     1
       Summon Mana Viper |       |       |       |       |       |     1 ||     1
 Abil: Bat Form          |       |     1 |     1 |       |     3 |     4 ||     9
       End Transformatio |       |     1 |     1 |       |     2 |     4 ||     8
Evoke: Wand              |       |       |       |       |     1 |       ||     1
  Use: Potion            |     3 |     7 |    13 |    20 |    33 |    35 ||   111
       Scroll            |       |     6 |     1 |     3 |    32 |    12 ||    54
 Stab: Sleeping          |    15 |    37 |    58 |   115 |   210 |   129 ||   564
       Distracted        |     2 |     1 |     3 |     8 |     7 |     1 ||    22
       Confused          |       |     3 |    12 |    12 |    53 |    21 ||   101
       Invisible         |       |       |       |       |    80 |    41 ||   121
Armor: Robe              |    38 |    13 |    41 |     4 |   191 |   187 ||   474
       Troll leather arm |       |       |       |    59 |    65 |       ||   124
Dodge: Dodged            |   114 |    63 |   221 |   346 |  1023 |   899 ||  2666

Table legend:
 A = Non-vault XP
 B = Vault XP
 C = Vault XP percentage of total XP
 D = Non-vault monster count
 E = Vault monster count
 F = Vault count percentage of total count
                 A         B        C        D         E       F
            +---------+---------+-------+---------+---------+-------
      Total |  153907 |   85896 |  35.8 |     766 |     339 |  30.7
            +---------+---------+-------+---------+---------+-------
        D:1 |      40 |       0 |   0.0 |      24 |       0 |   0.0
        D:2 |      63 |      20 |  24.1 |      21 |      10 |  32.3
        D:3 |     194 |      55 |  22.1 |      31 |       3 |   8.8
        D:4 |     190 |       0 |   0.0 |      12 |       0 |   0.0
        D:5 |     314 |       0 |   0.0 |      22 |       0 |   0.0
        D:6 |     736 |      98 |  11.8 |      26 |       2 |   7.1
        D:7 |    1068 |     435 |  28.9 |      31 |       3 |   8.8
        D:8 |    1922 |       0 |   0.0 |      23 |       0 |   0.0
        D:9 |     918 |       0 |   0.0 |      17 |       0 |   0.0
       D:10 |    2151 |    7449 |  77.6 |      19 |      49 |  72.1
       D:11 |    2120 |    1095 |  34.1 |      26 |       1 |   3.7
       D:12 |    7770 |       0 |   0.0 |      42 |       0 |   0.0
       D:13 |    7866 |    2455 |  23.8 |      41 |      29 |  41.4
       D:14 |   11241 |    7923 |  41.3 |      35 |      31 |  47.0
       D:15 |    5280 |    6530 |  55.3 |      18 |      13 |  41.9
     Lair:1 |    3482 |    2561 |  42.4 |      18 |       9 |  33.3
     Lair:2 |    2695 |       0 |   0.0 |      15 |       0 |   0.0
     Lair:3 |    2412 |    1257 |  34.3 |      19 |      13 |  40.6
     Lair:4 |   11194 |    2146 |  16.1 |      29 |       7 |  19.4
     Lair:5 |   12476 |    3178 |  20.3 |      33 |      13 |  28.3
     Lair:6 |   13324 |   10172 |  43.3 |      47 |      39 |  45.3
    Swamp:1 |   11737 |       0 |   0.0 |      25 |       0 |   0.0
    Swamp:2 |    1140 |       0 |   0.0 |       2 |       0 |   0.0
   Spider:1 |   10445 |    3307 |  24.0 |      37 |       8 |  17.8
   Spider:2 |   13389 |    3646 |  21.4 |      42 |       1 |   2.3
   Spider:3 |   12450 |     365 |   2.8 |      28 |       1 |   3.4
   Spider:4 |   10580 |   14534 |  57.9 |      29 |      32 |  52.5
      Orc:1 |    2540 |    2721 |  51.7 |      42 |      13 |  23.6
      Orc:2 |    4170 |   14867 |  78.1 |      12 |      40 |  76.9
     Bailey |       0 |    1082 | 100.0 |       0 |      22 | 100.0
            +---------+---------+-------+---------+---------+-------
